AoeStats
← sethaniel97

Arena

508733461Analyzed
3v3 RM · 8d ago on Sep 23, 2026· 49m 10s· 6 players
Game mode
Random Map
Map size
Normal (6 player)
Population
200
Speed
Normal
Resources
Standard
Victory
Conquest
Starting age
Dark Age
Ending age
Imperial Age
RankedLock teamsTeams togetherTeam positionsShared explorationLock speedFull tech treeHidden civsTurbo modeCheats
Victory
Defeat
🇳🇱 Franks · Netherlands
765
+18
🇨🇱 Byzantines · Chile
749
+19
🇮🇹 Goths · Italy
711
+20
🇬🇧 Varangians · United Kingdom
860
-21
🇬🇧 Saxons · United Kingdom
802
-25
🇬🇧 Danes · United Kingdom
751
-20
TEAM MBG
0:26 Loom
11:53 Feudal Age
12:31 Double-Bit Axe
13:25 Wheelbarrow
19:20 Castle Age
17:55 Stone Mining
20:17 Bow Saw
20:25 Hand Cart
21:30 Gold Mining
21:38 Fletching
22:26 Bodkin Arrow
23:27 Murder Holes
26:24 Gold Shaft Mining
28:58 Ordonnance Companies
33:53 Imperial Age
34:34 Ballistics
33:56 Treadmill Crane
34:44 Ballistics
34:42 Padded Archer Armor
34:52 Scale Barding Armor
34:58 Forging
34:17 Cranequins
34:33 Heavy Mounted Crossbowman
35:58 Leather Archer Armor
36:06 Town Watch
36:50 Caravan
39:02 Chain Barding Armor
39:17 Iron Casting
40:23 Plate Barding Armor
43:56 Blast Furnace
47:20 Herbal Medicine
psycho93
0:28 Loom
14:00 Feudal Age
15:20 Wheelbarrow
14:28 Horse Collar
14:36 Double-Bit Axe
15:20 Gold Mining
18:31 Town Watch
18:53 Stone Mining
21:44 Castle Age
21:55 Forging
21:46 Scale Mail Armor
24:24 Iron Casting
24:04 Chain Mail Armor
23:36 Pikeman
24:17 Squires
24:53 Heavy Plow
25:21 Bow Saw
28:41 Stone Shaft Mining
29:45 Caravan
30:42 Hand Cart
35:39 Imperial Age
34:00 Treadmill Crane
35:36 Fletching
35:47 Padded Archer Armor
35:12 Man-at-Arms
36:06 Anarchy
36:26 Fervor
37:00 Crop Rotation
36:33 Perfusion
36:56 Conscription
35:59 Elite Huskarl
37:46 Two-Man Saw
38:53 Chemistry
39:02 Blast Furnace
39:36 Halberdier
45:45 Ballistics
45:21 Murder Holes
46:30 Capped Ram
GENERALisimo32
2:19 Loom
3:39 Loom
4:08 Loom
4:48 Loom
10:57 Feudal Age
13:02 Double-Bit Axe
14:12 Horse Collar
16:41 Wheelbarrow
21:49 Castle Age
23:50 Crossbowman
25:39 Heavy Plow
28:09 Gold Mining
35:10 Imperial Age
33:24 Hand Cart
34:59 Bow Saw
35:35 Gold Shaft Mining
34:35 Elite Skirmisher
35:05 Pikeman
36:37 Conscription
36:42 Capped Ram
38:50 Chemistry
39:43 Crop Rotation
39:03 Halberdier
39:29 Arson
39:30 Gambesons
39:46 Squires
43:08 Siege Ram
43:17 Siege Ram
45:26 Ballistics
44:41 Elite Varangian Guard
45:26 Fletching
45:56 Scale Mail Armor
46:07 Forging
45:58 Padded Archer Armor
46:28 Bodkin Arrow
47:32 Thumb Ring
47:56 Arbalester
sethaniel97
11:17 Feudal Age
10:21 Loom
16:05 Castle Age
14:20 Double-Bit Axe
14:17 Horse Collar
15:55 Wheelbarrow
16:53 Scale Mail Armor
17:26 Scale Barding Armor
17:33 Gold Mining
22:18 Husbandry
23:09 Bloodlines
23:21 Forging
23:39 Bow Saw
24:27 Hand Cart
25:46 Chain Barding Armor
31:21 Stone Mining
31:28 Town Watch
34:38 Imperial Age
33:27 Stone Shaft Mining
33:13 Heavy Plow
33:18 Treadmill Crane
33:49 Fortified Wall
33:52 Masonry
34:53 Cavalier
36:48 Two-Man Saw
35:58 Caravan
36:47 Plate Barding Armor
36:55 Iron Casting
38:28 Conscription
38:52 Fletching
40:12 Blast Furnace
39:48 Elite Skirmisher
41:40 Bodkin Arrow
41:45 Padded Archer Armor
43:53 Bracer
44:09 Leather Archer Armor
43:49 Vendel Legacy
45:43 Chemistry
samstanding1
4:11 Loom
11:14 Feudal Age
12:44 Horse Collar
13:19 Double-Bit Axe
16:20 Gold Mining
16:21 Stone Mining
17:51 Wheelbarrow
23:36 Castle Age
24:39 Fletching
26:51 Heavy Plow
27:52 Bow Saw
29:06 Gold Shaft Mining
29:07 Stone Shaft Mining
34:14 Imperial Age
34:57 Hand Cart
34:19 Elite Skirmisher
34:24 Pikeman
36:01 Forging
35:46 Bodkin Arrow
38:16 Padded Archer Armor
38:21 Scale Barding Armor
38:17 Scale Mail Armor
37:59 Capped Ram
38:48 Northmen's Fury
38:49 Hamask
41:20 Elite Jomsviking
44:02 Halberdier
44:38 Man-at-Arms
45:07 Gambesons
45:25 Squires
46:02 Siege Ram
47:33 Elite Varangian Guard
BiscuitBoy
11:52 Feudal Age
13:21 Loom
13:52 Double-Bit Axe
16:17 Castle Age
15:40 Horse Collar
15:52 Gold Mining
15:52 Stone Mining
16:48 Town Watch
22:53 Fletching
23:47 Wheelbarrow
23:39 Bodkin Arrow
27:58 Bow Saw
27:49 Heavy Plow
29:23 Ballistics
30:04 Gold Shaft Mining
29:41 Clerical Recruitment
36:48 Imperial Age
37:01 Arson
37:17 Squires
37:02 Gambesons
37:22 Scale Mail Armor
37:33 Forging
37:54 Elite Varangian Guard
38:58 Chain Mail Armor
38:47 Bracer
39:52 Chemistry
39:08 Fortified Wall
39:12 Siege Engineers
42:09 Shield Wall
Connection lost

Rejoining the realm…

Still unreachable

The connection could not be restored.

Session expired

The server has moved on; the page needs a fresh start.